 Dungeon Crawl Stone Soup version 0.29-a0-284-gf9362112df (webtiles) character file.

Game seed: 6174632788626279058

47 being54 the Sneak (level 3, -1/16 HPs)
             Began as a Spriggan Enchanter on Mar 23, 2022.
             Slain by a goblin
             ... wielding a +0 club
             ... led by Robin
              (5 damage)
             ... on level 2 of the Dungeon.
             The game lasted 00:03:19 (1707 turns).

being54 the Sneak (Spriggan Enchanter)              Turns: 1707, Time: 00:03:20

Health: -1/16      AC:  3    Str:  4    XL:     3   Next: 48%
Magic:  3/8        EV: 18    Int: 16    God:
Gold:   90         SH:  0    Dex: 17    Spells: 5/7 levels left

rFire   . . .      SeeInvis +   a - +2 dagger
rCold   . . .      Faith    .   (no shield)
rNeg    . . .      Spirit   .   b - +1 robe
rPois   .          Reflect  .   (helmet restricted)
rElec   .          Harm     .   f - scarf {shadows}
rCorr   .          Rampage  .   (gloves unavailable)
Will    .....                   (boots unavailable)
Stlth   +++.......              (no amulet)
HPRegen 0.05/turn               (no ring)
MPRegen 0.11/turn               (no ring)

@: very quick
A: very small, no large weapons, unfitting armour, see invisible, speed 3
a: no special abilities


You were on level 2 of the Dungeon.
You visited 1 branch of the dungeon, and saw 2 of its levels.

You collected 90 gold pieces.

Inventory:

Hand Weapons
 a - a +2 dagger (weapon)
Armour
 b - a +1 robe (worn)
 f - a scarf of shadows (worn)
Wands
 e - a wand of iceblast (10)
Scrolls
 g - a scroll of amnesia
 h - a scroll of enchant weapon
 i - a scroll of fog {unknown}
Potions
 c - 2 potions of invisibility
 d - 2 potions of might


   Skills:
 - Level 1.2 Short Blades
 + Level 3.6 Dodging
 * Level 6.1 Stealth
 - Level 2.8 Spellcasting
 - Level 3.7 Hexes


You had 5 spell levels left.
You knew the following spells:

 Your Spells              Type           Power      Damage    Failure   Level
a - Ensorcelled Hibernat  Hex/Ice        16%        N/A       14%         2

Your spell library contained the following spells:

 Spells                   Type           Power      Damage    Failure   Level
 Confusing Touch          Hex            14%        N/A       13%         3
 Tukima's Dance           Hex            14%        N/A       13%         3
 Dazzling Flash           Conj/Hex       16%        N/A       26%         3


Dungeon Overview and Level Annotations

Branches:
Dungeon (2/15)

Altars:

Annotations:
D:2 Robin


Innate Abilities, Weirdness & Mutations

You are very small and have problems with some larger weapons.
You are too small for most types of armour.
You have supernaturally acute eyesight. (SInv)
You cover ground extremely quickly. (Speed+++)


Message History

The hobgoblin looks drowsy...
The helpless hobgoblin fails to defend itself.
You impale the hobgoblin!!
You kill the hobgoblin!
You closely miss the goblin. The goblin barely misses you.
You hit the goblin.
The goblin is heavily wounded.
The goblin hits you with a +0 club.
You hit the goblin.
You kill the goblin!
Your magical contamination has completely faded away.
You hit the goblin.
The goblin is moderately wounded.
The goblin hits you with a +0 dagger.
You barely miss the goblin.
The goblin is moderately wounded.
The goblin hits you with a +0 dagger.
You hit the goblin.
You kill the goblin!
The goblin unwields a +0 club.
The goblin wields a +0 hunting sling.
The goblin shoots a sling bullet.
The sling bullet completely misses you.
Robin of the Strong Arm comes into view.
They are wielding a +1 spectral club.
A hobgoblin comes into view.
Items here: )) ††.
You hit the goblin.
You kill the goblin!
Robin roars a battlecry!
The hobgoblin shouts!
A goblin comes into view. It is wielding a +0 club.
You hear a shout!
A goblin comes into view. It is wielding a +0 club.
You hear a shout!
Items here: )))) ††.
Robin throws the goblin at you! The goblin hits you with a +0 club.
* * * LOW HITPOINT WARNING * * *
You hit the goblin.
The goblin is severely wounded.
Robin throws the goblin at you! The goblin hits you with a +0 club.
You die...

#....# #.# #.#.## #.#
#.#.######.#
##.#........#
##...........#
#.........†..#
#............##
#######.......#.....#
#.gg@g.......###...#.
g!..g.#####.###...#.....#
.g.... #.# ###..###.##
..#### #.# #..# #.# . #.#
#..# #.# #.#####..# #.#
.........###.#
........>..##
######......#


You could see Robin, a hobgoblin (strong) and 2 goblins.

Vanquished Creatures
  3 dart slugs
  3 endoplasms (D:1)
  2 giant cockroaches (D:1)
  5 goblins
  6 hobgoblins
  3 quokkas (D:1)
  4 ball pythons
  2 bats (D:1)
  3 kobolds (D:1)
  4 rats
35 creatures vanquished.

Notes
Turn   | Place    | Note
-------+----------+-------------------------------------------
     0 | D:1      | being54 the Spriggan Enchanter began the quest for the Orb.
     0 | D:1      | Reached XP level 1. HP: 9/9 MP: 5/5
   406 | D:1      | Reached XP level 2. HP: 13/13 MP: 6/6
   409 | D:1      | Learned a level 2 spell: Ensorcelled Hibernation
   467 | D:1      | Reached skill level 5 in Stealth
  1107 | D:1      | Reached XP level 3. HP: 16/16 MP: 8/8
  1617 | D:2      | Reached skill level 6 in Stealth
  1699 | D:2      | Noticed Robin
  1707 | D:2      | Slain by a goblin

Illustrated notes

Levels and vault maps discovered:
D:1:      lightli_arrival_quake, layout_loops_ring, grunt_decor_resistance,
          minmay_misc_feat_secret_circle
D:2:      layout_loops_ring, uniq_robin

Skill      XL: |  1  2  3 |
---------------+----------+-----
Dodging        | 3 |  3.6
Stealth        | 5 6 |  6.1
Short Blades   | |  1.2
Spellcasting   | |  2.8
Hexes          | |  3.7

Action                   || total
-------------------------++-------
Melee: Dagger            ||    99
       Punch             ||     1
 Cast: Ensorcelled Hiber ||     8
  Use: Scroll            ||     6
 Stab: Sleeping          ||    13
       Distracted        ||     1
Armor: Robe              ||    10
Dodge: Dodged            ||    63

Table legend: (Time is in decaauts)
 A = Elapsed time spent in this place.
 B = Non-inter-level travel time spent in this place.
 C = Inter-level travel time spent in this place.
 D = Time resting spent in this place.
 E = Time spent auto-exploring this place.
 F = Levels seen in this place.
 G = Mean time per level.
                   A        B        C        D        E       F      G
               +--------+--------+--------+--------+--------+-----+--------+
         Total |   1350 |   1334 |     16 |    198 |    905 |   2 |  675.0 |
       Dungeon |   1350 |   1334 |     16 |    198 |    905 |   2 |  675.0 |
               +--------+--------+--------+--------+--------+-----+--------+

Top non-repeatable levels by time:
     D:1: 1197 daAuts
     D:2: 153 daAuts
